 Dungeon Crawl Stone Soup version 0.28-a0-460-g91930fd (webtiles) character file.

Game seed: 14856505024848713599

591331 Tonic the Slayer (level 26, -14/225 HPs)
             Began as a Minotaur Fighter on Sept 13, 2021.
             Was the Champion of Lugonu.
             Killed from afar by an orb of fire (51 damage)
             ... with a fireball
             ... on level 4 of the Realm of Zot.
             The game lasted 04:07:18 (63839 turns).

Tonic the Slayer (Minotaur Fighter)                Turns: 63839, Time: 04:07:19

Health: -14/225    AC: 50    Str: 33    XL:     26   Next: 22%
Magic:  43/43      EV: 16    Int:  3    God:    Lugonu [******]
Gold:   461        SH: 15    Dex: 16    Spells: 25/25 levels left

rFire   . . .      SeeInvis +   u - +9 eveningstar of Cuipp {chaos, Int+3}
rCold   + + .      Faith    .   a - +0 kite shield {reflect}
rNeg    + . .      Spirit   .   V - +13 crystal plate armour
rPois   +          Reflect  +   (helmet restricted)
rElec   +          Harm     .   o - scarf {+Inv}
rCorr   +          Rampage  .   Y - +2 pair of gloves of Porho {rN+}
Will    +....      Rage     1%  C - +2 pair of boots "Trusted Companion" {rPois rCorr}
Stlth   ..........              U - amulet of Wishful Thinking {rElec rPois Regen+ Int-5 Dex+2}
HPRegen 1.47/turn               F - ring "Sepih" {rElec rC++ MP+9 Str+6 Stlth+}
MPRegen 0.28/turn               B - ring of see invisible

@: no status effects
A: horns 2, retaliatory headbutt, berserk 1, dopey 1, frail 1
}: 3/15 runes: decaying, silver, gossamer
a: Renounce Religion, Evoke Invisibility, Depart the Abyss, Bend Space, Banish,
Corrupt, Enter the Abyss, Brand Weapon With Distortion


You were on level 4 of the Realm of Zot.
You worshipped Lugonu.
Lugonu was exalted by your worship.
You visited 9 branches of the dungeon, and saw 49 of its levels.
You visited the Abyss 7 times.
You also visited: Bailey, Gauntlet and Volcano.

You collected 6970 gold pieces.
You spent 6509 gold pieces at shops.

Inventory:

Hand Weapons
 l - a +2 demon whip of electrocution
 u - the +9 eveningstar of Cuipp (weapon) {chaos, Int+3}
   (You acquired it on level 13 of the Dungeon)

   Each time it hits an enemy it has a different, random effect.
   Int:       It affects your intelligence (+3).
 G - the +12 morningstar of Gallantry {flame, rPois rF- rC+ Int+5}
   (You took it off a deep elf demonologist on level 3 of the Elven Halls)

   It burns those it strikes, dealing additional fire damage.
   Int:       It affects your intelligence (+5).
   rF:        It makes you vulnerable to fire.
   rC:        It protects you from cold.
   rPois:     It protects you from poison.
 P - the +9 staff of Olgreb {rPois∞}
   (You found it on level 7 of the Dungeon)

   If the wielder is skilled in Evocations, they can envenom those struck by it,
   dealing poison damage which bypasses armour.
   It enhances your poison magic.
   It grants immunity to poison.
   It can be evoked to radiate toxic energy, with effectiveness depending on
   Evocations skill.
 T - the +11 quarterstaff of Gefueptu {vamp, rPois rCorr}
   (You found it on level 4 of the Spider Nest)

   It occasionally heals its wielder for a portion of the damage dealt when it
   wounds a living foe.
   rPois:     It protects you from poison.
   rCorr:     It protects you from acid and corrosion.
Missiles
 z - 4 throwing nets (quivered)
Armour
 a - a +0 kite shield of reflection (worn)
 i - +0 gold dragon scales
 o - a scarf of invisibility (worn)
 v - +0 fire dragon scales
 C - the +2 pair of boots "Trusted Companion" (worn) {rPois rCorr}
   (You found it in a Gauntlet)

   rPois:     It protects you from poison.
   rCorr:     It protects you from acid and corrosion.
 Q - the +4 faerie dragon scales {Rampage rCorr}
   (You took it off the Enchantress on level 1 of the Depths)

   rCorr:     It protects you from acid and corrosion.
   Rampage:   It bestows one free step when moving towards enemies.
 V - a +13 crystal plate armour (worn)
 Y - the +2 pair of gloves of Porho (worn) {rN+}
   (You found it in a Gauntlet)

   rN:        It protects you from negative energy.
 Z - +0 storm dragon scales
Jewellery
 e - the ring "Bughing" {rCorr AC+4}
   (You found it on level 2 of the Depths)

   [ring of protection]

   AC:        It affects your AC (+4).
   rCorr:     It protects you from acid and corrosion.
 r - a +4 ring of slaying
 s - a ring of fire
 B - a ring of see invisible (right hand)
 D - a ring of protection from fire
 F - the ring "Sepih" (left hand) {rElec rC++ MP+9 Str+6 Stlth+}
   (You bought it in a shop on level 4 of the Depths)

   [ring of strength]

   Str:       It affects your strength (+6).
   rC:        It greatly protects you from cold.
   rElec:     It insulates you from electricity.
   MP:        It affects your magic capacity (+9).
   Stlth:     It makes you more stealthy.
 K - a ring of flight
 R - a +4 ring of protection
 U - the amulet of Wishful Thinking (around neck) {rElec rPois Regen+ Int-5 Dex+2}
   (You acquired it on level 11 of the Dungeon)

   [amulet of regeneration]

   Int:       It affects your intelligence (-5).
   Dex:       It affects your dexterity (+2).
   rElec:     It insulates you from electricity.
   rPois:     It protects you from poison.
   Regen:     It increases your rate of health regeneration.
 W - a +4 ring of evasion
Wands
 p - a wand of flame (23)
 x - a wand of acid (14)
 J - a wand of iceblast (51)
 M - a wand of mindburst (26)
Scrolls
 b - 7 scrolls of enchant weapon
 c - a scroll of fog
 f - 28 scrolls of identify
 g - 3 scrolls of holy word
 w - a scroll of silence
 E - 5 scrolls of magic mapping
 I - 5 scrolls of fear
 X - 2 scrolls of teleportation
Potions
 d - 2 potions of might
 h - 3 potions of cancellation
 j - 9 potions of curing
 k - 2 potions of heal wounds
 m - 4 potions of berserk rage
 n - 4 potions of invisibility
 t - 2 potions of magic
 A - 5 potions of haste
 H - 5 potions of resistance
 N - 7 potions of brilliance
 O - 8 potions of flight
Miscellaneous
 q - a condenser vane
 y - a tin of tremorstones (2/2)
 L - a phantom mirror (inert)


   Skills:
 + Level 23.4 Fighting
 - Level 16.0(16.2) Maces & Flails
 - Level 5.5(12.0) Staves
 + Level 23.4 Armour
 - Level 17.0 Dodging
 + Level 19.8 Shields
 - Level 16.2 Invocations
 * Level 21.8 Evocations


You had 25 spell levels left.
You didn't know any spells.
Your spell library contained the following spells:

 Spells                   Type           Power      Damage    Failure   Level
 Freeze                   Ice            0%         1d3       98%         1
 Magic Dart               Conj           0%         1d3       98%         1
 Sandblast                Erth           0%         2d4       98%         1
 Sting                    Tmut/Pois      0%         1d3       98%         1
 Blink                    Tloc           N/A        N/A       99%         2
 Corpse Rot               Necr/Air       N/A        N/A       99%         2
 Ensorcelled Hibernation  Hex/Ice        0%         N/A       99%         2
 Passwall                 Tmut/Erth      0%         N/A       99%         2
 Poisonous Vapours        Pois/Air       0%         N/A       99%         2
 Searing Ray              Conj           0%         2d4       99%         2
 Slow                     Hex            0%         N/A       99%         2
 Static Discharge         Conj/Air       0%         N/A       99%         2
 Sublimation of Blood     Necr           0%         N/A       99%         2
 Wereblood                Tmut           0%         N/A       99%         2
 Confusing Touch          Hex            0%         N/A       100%        3
 Conjure Flame            Conj/Fire      0%         6-21      100%        3
 Frozen Ramparts          Ice            0%         1d2       100%        3
 Gell's Gravitas          Tloc           0%         N/A       100%        3
 Ignite Poison            Fire/Tmut/Pois 0%         N/A       100%        3
 Lesser Beckoning         Tloc           0%         N/A       100%        3
 Mephitic Cloud           Conj/Pois/Air  0%         N/A       100%        3
 Portal Projectile        Hex/Tloc       0%         N/A       100%        3
 Summon Guardian Golem    Hex/Summ       0%         N/A       100%        3
 Swiftness                Air            0%         N/A       100%        3
 Teleport Other           Tloc           0%         N/A       100%        3
 Airstrike                Air            0%         N/A       100%        4
 Animate Dead             Necr           0%         N/A       100%        4
 Cause Fear               Hex            0%         N/A       100%        4
 Flame Wave               Conj/Fire      0%         3d3       100%        4
 Fulminant Prism          Conj/Hex       0%         3d6       100%        4
 Hailstorm                Conj/Ice       0%         3d3       100%        4
 Ice Form                 Ice/Tmut       0%         N/A       100%        4
 Leda's Liquefaction      Hex/Erth       0%         N/A       100%        4
 Olgreb's Toxic Radiance  Pois           0%         N/A       100%        4
 Sticky Flame             Conj/Fire      0%         2d3       100%        4
 Summon Ice Beast         Ice/Summ       0%         N/A       100%        4
 Summon Lightning Spire   Summ/Air       0%         N/A       100%        4
 Borgnjor's Vile Clutch   Necr/Erth      0%         N/A       100%        5
 Fireball                 Conj/Fire      0%         3d3       100%        5
 Freezing Cloud           Conj/Ice/Air   0%         6-21      100%        5
 Iskenderun's Battlesphe  Conj           0%         2d6       100%        5
 Lee's Rapid Deconstruct  Erth           0%         3d5*      100%        5
 Lightning Bolt           Conj/Air       0%         1d11      100%        5
 Manifold Assault         Tloc           0%         N/A       100%        5
 Summon Forest            Summ/Tloc      0%         N/A       100%        5
 Summon Mana Viper        Hex/Summ       0%         N/A       100%        5
 Yara's Violent Unravell  Hex/Tmut       0%         3d3       100%        5
 Conjure Ball Lightning   Conj/Air       0%         3x3d6     100%        6
 Death Channel            Necr           0%         N/A       100%        6
 Iron Shot                Conj/Erth      0%         9d1       100%        6
 Simulacrum               Ice/Necr       0%         N/A       100%        6
 Starburst                Conj/Fire      0%         6d3       100%        6
 Statue Form              Tmut/Erth      0%         N/A       100%        6
 Summon Cactus Giant      Summ           0%         N/A       100%        6
 Orb of Destruction       Conj           0%         N/A       100%        7
 Ozocubu's Refrigeration  Ice            0%         4d5       100%        7
 Spellforged Servitor     Conj/Summ      0%         N/A       100%        7
 Storm Form               Tmut/Air       0%         N/A       100%        7
 Summon Hydra             Summ           0%         N/A       100%        7
 Ignition                 Fire           0%         3d3       100%        8
 Lehudib's Crystal Spear  Conj/Erth      0%         10d2      100%        8
 Chain Lightning          Conj/Air       0%         N/A       100%        9
 Fire Storm               Conj/Fire      0%         5d1       100%        9
 Polar Vortex             Ice            0%         N/A       100%        9
 Shatter                  Erth           0%         3d5*      100%        9


Dungeon Overview and Level Annotations

Branches:
Dungeon (15/15)            Temple (0/1) D:4            Lair (6/6) D:9
  Swamp (4/4) Lair:2       Spider (4/4) Lair:3        Slime (0/5) Lair:6
    Orc (2/2) D:12            Elf (3/3) Orc:2        Vaults (5/5) D:13
  Crypt (0/3) Vaults:2     Depths (5/5) D:15            Zot (5/5) Depths:5
 Bailey (visited)         Volcano (visited)         Gauntlet (visited)

Altars:
Ashenzari
Dithmenos
Fedhas
Hepliaklqana
Makhleb
Sif Muna
Trog
Vehumet
Wu Jian
Xom
The Shining One
Lugonu

Shops:
D:12 ?   Orc:2 [(!=   Elf:2 *[=   Depths:1 [   Depths:2 :   Depths:4 :==

Portals:
Hell: Lair:6 Depths:1 Depths:2 Depths:3 Depths:4 Depths:5
Abyss: Depths:1 Depths:4
Ziggurat: Depths:2

Annotations:
D:7 1 runed translucent door
Swamp:4 Lernaean hydra
Spider:4 corrupted
Elf:2 2 runed translucent doors, corrupted
Vaults:5 corrupted
Depths:2 corrupted


Innate Abilities, Weirdness & Mutations

You have a pair of horns on your head.
You reflexively headbutt those who attack you in melee.
You tend to lose your temper in combat.
You are dopey. (Int -2)
You are frail. (-10% HP)


Message History

The orb of fire is moderately damaged.
You miss the orb of fire. Your headbutt misses the orb of fire.
The orb of fire is moderately damaged.
The orb of fire glows yellow.
The fireball explodes!
The fireball engulfs you!!!!
The fireball engulfs the orb of fire.
The orb of fire completely resists.
You hit the orb of fire but do no damage.
The orb of fire is moderately damaged.
You are engulfed in a cloud of scalding steam.
You closely miss the orb of fire.
The orb of fire is moderately damaged.
You are engulfed in a cloud of scalding steam.
The orb of fire glows bright magenta.
The fireball explodes!
The fireball engulfs you!!
* * * LOW HITPOINT WARNING * * *
The fireball engulfs the orb of fire.
The orb of fire completely resists.
You are engulfed in a cloud of scalding steam.
The orb of fire glows deep purple.
The bolt of fire hits you!!
* * * LOW HITPOINT WARNING * * *
Press: ? - help, v - describe, . - travel The floor, spattered with blood.
There is a cloud of steam here.
You sock the orb of fire! You headbutt the orb of fire!
The orb of fire is heavily damaged.
You are engulfed in a cloud of scalding steam.
The orb of fire glows yellow.
Strange energies course through your body.
You feel frail.
Aiming: Phantom Mirror
Press: ? - help, Dir - move target, f - orb of fire
Aim: an orb of fire (heavily damaged)
You reflect the orb of fire with the mirror!
The mirror clouds!
You are engulfed in a cloud of scalding steam.
The orb of fire emits a lurid red light.
The bolt of fire misses you.
The orb of fire glows deep purple.
The fireball explodes!
The fireball engulfs you!!!
You die...

*,,,,,* *,*****,*,,,,,,,,,,,,,
**,,,** *,*****,**+*********+*
###+### *##**#*,,,,,,,* *,*
*.....###.,,,.##**,#*** *,*
,#...#.#.#####.###.# *,,
,#...#.#...)...'.#.# *,*
,#.8.#.')..8...#...# *,*
,#...#)##........#+########## *,*
.#...#)#.#####.#@...........# *,*
#.....###,,,..##............# *,*
###)###,***####..*....⌠.....#**,*
##...##,**,,,*#..*..).......#,,,,
#.....#,****,*#.......<.....#,***
#8.<.8#,****,,+...).........#,*
#.....#,,,,,,*#.....⌠...⌠...#,*
##.8.##,******#....>........#,***
#####*,* #.............+,,,,


You could see an orb of fire (ally target) and a friendly orb of fire (summoned,
drained).

Vanquished Creatures
  6 ancient liches
  A juggernaut (Depths:4)
  5 Killer Klowns
  Sojobo (Depths:2)
  Frederick (Depths:4)
  2 caustic shrikes
  11 golden dragons
  A curse toe (Zot:3)
  the Enchantress (Depths:1)
  A bone dragon (Depths:5)
  The ghost of Ruoser the Severer, an adept DsFi of Hepliaklqana (Depths:4)
  5 tentacled monstrosities
  Rupert (Lair:6)
  A hellephant (Abyss:4)
  7 titans
  8 liches
  11 Orb Guardians (Zot:5)
  2 deep elf master archers (Elf:3)
  3 deep elf blademasters
  4 quicksilver dragons
  4 sphinxes
  4 shadow dragons
  Kirke (Swamp:3)
  5 tentacled starspawn
  A death cob (Zot:3)
  Gastronok (D:12)
  14 tengu reavers
  Roxanne (Elf:1)
  A thorn hunter (Swamp:2)
  7 storm dragons
  2 fenstrider witches
  Donald (Orc:1)
  A rockslime (shapeshifter) (Vaults:4)
  3 draconian knights
  7 fire giants
  4 deep elf sorcerers
  10 frost giants
  An iron dragon (Depths:3)
  An orc warlord (Bailey)
  16 vault wardens
  2 ghost moths
  4 spectral caustic shrikes (Depths:5)
  3 draconian scorchers
  A draconian shifter (Zot:5)
  2 emperor scorpions
  13 ironbound preservers
  A draconian stormcaller (Zot:5)
  6 deep elf elementalists
  33 very ugly things
  2 war gargoyles
  7 spriggan defenders
  22 stone giants
  5 draconian annihilators
  7 black draconians
  7 vampire knights
  Azrael (D:13)
  4 red draconians
  2 entropy weavers
  3 green draconians
  10 deep elf annihilators
  4 dire elephants
  12 deep elf demonologists
  A minotaur (Gauntlet)
  3 white draconians
  10 spark wasps
  7 yellow draconians
  3 bunyips
  2 purple draconians
  16 ettins
  An eleionoma (Swamp:1)
  A blizzard demon (Abyss:4)
  An eleionoma (shapeshifter) (Vaults:4)
  4 shambling mangroves
  6 deep elf high priests
  4 deep elf death magi
  Josephine (Lair:6)
  7 great orbs of eyes
  5 fire dragons
  9 yaktaur captains
  6 ice dragons
  2 ogre magi (Vaults:5)
  30 hydras
  4 spriggan air magi
  3 boulder beetles
  34 vault guards
  A catoblepas (Lair:3)
  8 rakshasas
  A death knight (Abyss:1)
  4 centaur warriors
  6 tengu warriors
  5 two-headed ogres
  28 dancing weapons
  7 deep troll shamans
  4 ironbound frosthearts (Vaults:4)
  A vampire mage (Depths:3)
  6 death yaks (Lair:5)
  7 alligators
  5 thrashing horrors
  3 orc high priests (Orc:2)
  8 deep troll earth magi
  4 ironbound beastmasters
  5 spriggan berserkers
  20 deep elf knights
  Sonja (Lair:4)
  2 sun demons
  6 hell knights
  A fire crab (Volcano)
  A fire crab (shapeshifter) (Vaults:4)
  A sixfirhy (Abyss:4)
  5 goliath frogs
  2 wretched stars (Abyss:1)
  2 spatial maelstroms (Abyss:4)
  14 iron trolls
  A death drake (shapeshifter) (Vaults:5)
  A sea snake (shapeshifter) (Vaults:4)
  46 deep trolls
  A death drake (Swamp:1)
  3 spriggan druids
  12 swamp dragons
  11 deep elf archers
  A flayed ghost (Depths:3)
  4 bog bodies
  2 lindwurms
  2 glowing orange brains
  10 ironbound convokers
  8 orc knights
  3 phantasmal warriors
  14 orb spiders
  5 wizards
  34 deep elf zephyrmancers
  24 deep elf pyromancers
  An orb spider (shapeshifter) (Swamp:3)
  11 necromancers
  24 wolf spiders
  24 ugly things
  7 cyclopes
  6 manticores
  7 will-o-the-wisps
  5 orc sorcerers
  5 moths of wrath
  A worldbinder (Abyss:1)
  A guardian serpent (shapeshifter) (Elf:2)
  16 elephants
  2 rust devils
  3 black mambas
  4 smoke demons
  8 vault sentinels
  A gargoyle (D:12)
  3 orange demons (Lair:6)
  15 cane toads
  A torpor snail (Lair:6)
  A cane toad (shapeshifter) (Depths:2)
  A molten gargoyle (Depths:1)
  Maggie (D:5)
  6 rime drakes
  An unseen horror (D:12)
  25 yaktaurs
  A tormentor (Abyss:2)
  10 komodo dragons
  A hellwing (Abyss:4)
  2 freezing wraiths
  2 kobold demonologists
  2 ice devils (Lair:6)
  9 demonic crawlers
  A red devil (Lair:6)
  7 trolls
  14 tengu conjurers
  8 ancient zymes
  A jumping spider (shapeshifter) (Depths:4)
  A queen bee (shapeshifter) (Vaults:4)
  A queen bee (Lair:1)
  A troll (shapeshifter) (D:15)
  A harpy zombie (Abyss:1)
  A meliai (shapeshifter) (Vaults:4)
  19 hornets
  5 polar bears
  17 jumping spiders
  14 raiju
  A wolf spider simulacrum (D:12)
  10 tyrant leeches
  11 slime creatures
  6 dream sheep (Lair:6)
  26 blink frogs
  2 dream sheep (shapeshifter)
  4 flying skulls (Gauntlet)
  86 redbacks
  5 air elementals
  35 tarantellas
  A ynoxinul (Abyss:1)
  Sigmund (D:6)
  6 wraiths
  7 water elementals
  7 wyverns
  2 vampires
  A redback (shapeshifter) (Elf:2)
  9 small abominations
  13 spriggans
  A hog (shapeshifter) (D:14)
  A human (shapeshifter) (D:13)
  7 fire elementals
  6 basilisks
  17 humans (D:13)
  5 hogs (Swamp:3)
  2 fire bats (Volcano)
  A neqoxec (Abyss:4)
  35 yaks
  3 steam dragons (Volcano)
  4 chaos spawn
  4 vampire mosquitoes
  8 wargs
  14 large abominations
  10 swamp worms
  A harpy simulacrum (Abyss:4)
  8 hell hounds
  An acid dragon (D:11)
  Duvessa (D:6)
  29 water moccasins
  A floating eye (Depths:2)
  39 orc warriors
  2 ice beasts
  10 swamp drakes
  A black bear (shapeshifter) (D:13)
  3 sky beasts
  2 black bears
  A necrophage (D:6)
  6 ogres
  20 starcursed masses
  The ghost of edsrzf the Grave Robber, an amateur DDNe (D:3)
  26 wolves
  19 centaurs
  3 kobold brigands
  16 bullfrogs
  4 earth elementals
  A gnoll sergeant (D:8)
  5 scorpions
  A water moccasin zombie (D:5)
  2 water moccasin skeletons (D:7)
  Dowan (D:6)
  52 killer bees
  4 wights
  4 howler monkeys
  5 electric eels
  4 centaur zombies
  A lava snake (D:11)
  2 quasits
  Crazy Yiuf (D:2)
  A jelly (D:4)
  3 hounds
  A bullfrog skeleton (D:6)
  A hound (shapeshifter) (Depths:2)
  16 orc priests
  2 centaur skeletons
  An iron imp (Abyss:1)
  Jessica (D:2)
  10 iguanas
  20 orc wizards
  5 hell rats
  A hound skeleton (D:5)
  23 gnolls
  9 adders
  3 white imps
  2 ufetubi
  An adder zombie (D:5)
  2 worms
  2 dart slugs
  94 orcs
  14 bats
  7 endoplasms
  2 giant cockroaches
  51 goblins
  36 hobgoblins
  28 kobolds
  5 quokkas
  7 ball pythons
  4 frilled lizards
  9 rats
  2 butterflies (Lair:2)
  A lurking horror (Abyss:4)
  5 starspawn tentacles
2104 creatures vanquished.

Vanquished Creatures (collateral kills)
  An ironbound preserver (Vaults:5)
  A war gargoyle (Vaults:5)
  A stone giant (Depths:2)
  A yaktaur captain (Vaults:5)
  An alligator (Swamp:3)
  2 dancing weapons (Elf:2)
  A deep elf knight (Elf:2)
  A bog body (Swamp:3)
  A troll (D:13)
  A slime creature (D:13)
11 creatures vanquished.

Vanquished Creatures (others)
  Jory (Depths:2)
  A tentacled monstrosity (Vaults:5)
  A lich (Depths:1)
  A shadow dragon (Vaults:5)
  A draconian knight (Zot:5)
  A spectral caustic shrike (Depths:5)
  2 vault wardens (Vaults:5)
  A ghost moth (Spider:4)
  An emperor scorpion (Spider:4)
  A war gargoyle (Vaults:5)
  A stone giant (Vaults:5)
  2 dire elephants (Vaults:1)
  A spark wasp (Spider:4)
  A boulder beetle (D:14)
  6 dancing weapons (Elf:2)
  An ironbound beastmaster (Vaults:1)
  2 deep elf pyromancers (Elf:2)
  A phantasmal warrior (Vaults:5)
  A deep elf zephyrmancer (Elf:2)
  4 orb spiders
  A wolf spider (Spider:4)
  3 bloated husks
  2 jumping spiders
  3 hornets
  A slime creature (D:13)
  A spriggan (Swamp:2)
  5 redbacks
  5 tarantellas
  A human (Swamp:3)
  A floating eye (Depths:3)
  An ogre (Vaults:5)
  A centaur (D:12)
  An orc (Vaults:5)
  A briar patch (Swamp:2)
  A bush (Lair:6)
  30 foxfires
  63 fungi
  A lurking horror (Abyss:4)
  58 plants
  16 starspawn tentacles
227 creatures vanquished.

Grand Total: 2342 creatures vanquished

Notes
Turn   | Place    | Note
-------+----------+-------------------------------------------
     0 | D:1      | Tonic the Minotaur Fighter began the quest for the Orb.
     0 | D:1      | Reached XP level 1. HP: 19/19 MP: 0/0
   220 | D:1      | Reached XP level 2. HP: 26/27 MP: 1/1
   661 | D:1      | Found a faded altar of an unknown god.
   671 | D:1      | Became a worshipper of Lugonu the Unformed
   671 | D:1      | Reached * piety under Lugonu
   671 | D:1      | Reached ** piety under Lugonu
   828 | D:1      | Reached XP level 3. HP: 33/33 MP: 2/2
  1024 | D:2      | Reached skill level 1 in Dodging
  1110 | D:2      | Found a runed translucent door.
  1111 | D:2      | Noticed Crazy Yiuf
  1120 | D:2      | Killed Crazy Yiuf
  1121 | D:2      | Reached skill level 1 in Invocations
  1121 | D:2      | Reached XP level 4. HP: 29/40 MP: 3/3
  1383 | D:2      | Noticed Jessica
  1401 | D:2      | Killed Jessica
  2067 | D:3      | Reached XP level 5. HP: 47/47 MP: 5/5
  2382 | D:3      | Found a runed translucent gate.
  2383 | D:3      | Found a runed translucent gate.
  2383 | D:3      | Noticed edsrzf's ghost (amateur DDNe)
  2384 | D:3      | Found a runed translucent gate.
  2617 | D:3      | Killed edsrzf's ghost
  2621 | D:3      | Reached XP level 6. HP: 45/55 MP: 5/7
  2834 | D:4      | Reached *** piety under Lugonu
  2879 | D:4      | Reached skill level 5 in Fighting
  3045 | D:4      | Found a staircase to the Ecumenical Temple.
  3049 | D:4      | Reached skill level 5 in Armour
  3358 | D:5      | Entered Level 5 of the Dungeon
  3383 | D:5      | Reached XP level 7. HP: 56/61 MP: 8/8
  3709 | D:5      | Reached **** piety under Lugonu
  4090 | D:5      | Reached skill level 5 in Maces & Flails
  4290 | D:5      | Reached XP level 8. HP: 52/70 MP: 10/10
  4649 | D:6      | Reached skill level 5 in Invocations
  4667 | D:6      | Reached ***** piety under Lugonu
  4730 | D:6      | Found a shimmering blue altar of Sif Muna.
  4785 | D:6      | Reached XP level 9. HP: 40/78 MP: 12/12
  4998 | D:6      | Noticed Sigmund
  5007 | D:6      | Killed Sigmund
  5008 | D:6      | Reached skill level 5 in Dodging
  5045 | D:6      | Noticed Dowan
  5053 | D:6      | Killed Dowan
  5080 | D:6      | Noticed Duvessa
  5374 | D:6      | Noticed Maggie
  5403 | D:5      | Killed Maggie
  5850 | D:6      | Identified the +4 ring mail of the King of the Hill {rPois
                  | Int+2}
  5961 | D:6      | Killed Duvessa
  6168 | D:7      | Found a flagged portal.
  6198 | Bailey   | Entered a bailey
  6781 | Bailey   | Reached XP level 10. HP: 73/88 MP: 15/15
  6879 | Bailey   | Noticed an orc warlord
  6907 | Bailey   | Killed an orc warlord
  7757 | D:7      | Found a hazy altar of Hepliaklqana.
  7775 | D:7      | Found the +9 staff of Olgreb {rPois∞}
  7793 | D:7      | Found a runed translucent door.
  7800 | D:7      | Found a runed translucent gate.
  7800 | D:7      | Found a runed translucent gate.
  7801 | D:7      | Found a runed translucent door.
  7815 | D:7      | Found a runed translucent gate.
  9146 | D:8      | Reached ****** piety under Lugonu
  9394 | D:8      | Reached XP level 11. HP: 97/97 MP: 17/17
  9678 | D:9      | Found a staircase to the Lair.
 10187 | D:8      | Reached XP level 12. HP: 105/105 MP: 18/18
 10188 | D:8      | Reached skill level 15 in Maces & Flails
 10188 | D:8      | Reached XP level 13. HP: 111/111 MP: 19/19
 10199 | D:9      | Reached skill level 10 in Invocations
 10302 | D:9      | Found a bloodstained altar of Trog.
 10529 | Lair:1   | Entered Level 1 of the Lair of Beasts
 10913 | D:7      | Found a shimmering altar of Xom.
 10916 | D:7      | Found a shadowy altar of Dithmenos.
 10917 | D:7      | Found a radiant altar of Vehumet.
 11326 | Lair:1   | Reached skill level 10 in Fighting
 12044 | Lair:1   | Reached skill level 10 in Armour
 13443 | Lair:2   | Found a staircase to the Swamp.
 14347 | Lair:2   | Reached XP level 14. HP: 107/113 MP: 21/21
 14545 | Lair:3   | Found a hole to the Spider Nest.
 16219 | Lair:4   | Noticed Sonja
 16231 | Lair:4   | Killed Sonja
 16720 | Lair:5   | Reached skill level 10 in Dodging
 16959 | Lair:5   | Reached skill level 1 in Staves
 17438 | Lair:5   | Identified the +4 scale mail "Ribuogote" {Regen+}
 17668 | Lair:6   | Entered Level 6 of the Lair of Beasts
 17668 | Lair:6   | Found a blossoming altar of Fedhas.
 17953 | Lair:6   | Found a dark tunnel.
 17966 | Volcano  | Entered a volcano
 18362 | Volcano  | Identified 2 scrolls of acquirement
 18579 | Lair:6   | Noticed Rupert
 18709 | Lair:5   | Acquired the +6 dire flail "Viubeer" {drain, MP+9 Dex+3}
 18711 | Lair:5   | Acquired a manual of Dodging
 18773 | Lair:6   | Killed Rupert
 18954 | Lair:6   | Reached XP level 15. HP: 127/134 MP: 24/24
 19066 | Lair:6   | Found a burning altar of Makhleb.
 19221 | Lair:6   | Found a gateway to Hell.
 19456 | Lair:6   | Found a staircase to the Slime Pits.
 19467 | Lair:6   | Noticed Josephine
 19473 | Lair:6   | Reached skill level 5 in Staves
 19480 | Lair:6   | Killed Josephine
 20290 | Spider:1 | Entered Level 1 of the Spider Nest
 22889 | Spider:3 | Reached XP level 16. HP: 144/144 MP: 26/26
 23317 | Spider:4 | Entered Level 4 of the Spider Nest
 23423 | Spider:3 | Reached skill level 15 in Invocations
 23447 | Spider:3 | Reached skill level 15 in Dodging
 23503 | Spider:4 | Identified the +11 quarterstaff of Gefueptu {vamp, rPois
                  | rCorr}
 24443 | Spider:4 | Corrupted Spider:4
 24443 | Spider:4 | Noticed a tentacled starspawn
 24454 | Spider:4 | Noticed a tentacled starspawn
 25606 | Spider:4 | Paralysed by a hornet for 3 turns
 25911 | Spider:4 | Got a gossamer rune of Zot
 26324 | D:10     | Entered Level 10 of the Dungeon
 27052 | D:11     | Found a gate leading to a gauntlet.
 27061 | Gauntlet | Entered a Gauntlet
 27061 | Gauntlet | Found a transporter.
 27074 | Gauntlet | Found a transporter.
 27086 | Gauntlet | Found a transporter.
 27091 | Gauntlet | Found a transporter.
 27106 | Gauntlet | Found a transporter.
 27125 | Gauntlet | Found a transporter.
 27137 | Gauntlet | Found a transporter.
 27149 | Gauntlet | Found a transporter.
 27161 | Gauntlet | Found a transporter.
 27173 | Gauntlet | Found a transporter.
 27190 | Gauntlet | Found a transporter.
 27190 | Gauntlet | Found a transporter.
 27210 | Gauntlet | Found a transporter.
 27230 | Gauntlet | Found a transporter.
 27252 | Gauntlet | Found a transporter.
 27329 | Gauntlet | Found a transporter.
 27356 | Gauntlet | Found a transporter.
 27356 | Gauntlet | Found a transporter.
 27528 | Gauntlet | Identified the +2 pair of gloves of Porho {rN+}
 27671 | Gauntlet | Identified the +2 pair of boots "Trusted Companion" {rPois
                  | rCorr}
 27759 | Gauntlet | Got Putock's Papyrus of Earth and the Glacier
 27864 | D:11     | Acquired 732 gold pieces
 27976 | D:11     | Acquired the amulet of Wishful Thinking {rElec rPois Regen+
                  | Int-5 Dex+2}
 28148 | D:12     | Found a staircase to the Orcish Mines.
 28413 | D:12     | Found Etubuonn's Magic Scroll Emporium.
 28425 | D:12     | Bought a scroll of enchant armour for 90 gold pieces
 28425 | D:12     | Bought a scroll of enchant armour for 90 gold pieces
 28486 | D:12     | Noticed Gastronok
 28499 | D:12     | Killed Gastronok
 28501 | D:12     | Identified the +7 dire flail "Embalmer" {flame, rC+ rN+
                  | rCorr Int-5}
 28837 | Orc:1    | Entered Level 1 of the Orcish Mines
 29335 | Orc:2    | Entered Level 2 of the Orcish Mines
 29356 | Orc:2    | Noticed Donald
 29637 | Orc:1    | Killed Donald
 29931 | Orc:2    | Found a staircase to the Elven Halls.
 30022 | Orc:2    | Reached XP level 17. HP: 149/154 MP: 28/28
 30319 | Orc:2    | Found Ymojyev's Weapon Shoppe.
 30319 | Orc:2    | Found Cyra's Antique Armour Shop.
 30335 | Orc:2    | Found Taymekiza's Jewellery Shoppe.
 30335 | Orc:2    | Found Luskoeromma's Distillery.
 30346 | Orc:2    | Bought a glowing crystal plate armour for 2573 gold pieces
 30346 | Orc:2    | Bought a masterwork plate armour for 868 gold pieces
 30346 | Orc:2    | Identified the +0 plate armour "Opsiur" {rN+ rCorr Str-3}
                  | (You bought it in a shop on level 2 of the Orcish Mines)
 30779 | D:13     | Acquired the +9 eveningstar of Cuipp {chaos, Int+3}
 31127 | D:13     | Found a gate to the Vaults.
 31534 | D:13     | Noticed Azrael
 31543 | D:13     | Reached skill level 15 in Fighting
 31554 | D:13     | Killed Azrael
 31781 | D:13     | Reached skill level 15 in Armour
 31787 | D:13     | Identified the +2 pair of boots "Ikhluwn" {Dex+3}
 33188 | Swamp:1  | Entered Level 1 of the Swamp
 33438 | Swamp:1  | Reached skill level 5 in Shields
 34804 | Swamp:2  | Acquired a manual of Evocations
 34818 | Swamp:2  | Reached skill level 1 in Evocations
 35408 | Swamp:3  | Paralysed by a fenstrider witch for 2 turns
 35425 | Swamp:3  | Noticed Kirke
 35436 | Swamp:3  | Killed Kirke
 35437 | Swamp:3  | Reached XP level 18. HP: 119/166 MP: 29/29
 35674 | Swamp:4  | Entered Level 4 of the Swamp
 35822 | Swamp:4  | Reached skill level 5 in Evocations
 36556 | Swamp:4  | Noticed the 27-headed Lernaean hydra
 36611 | Swamp:4  | Got a decaying rune of Zot
 36928 | Elf:1    | Entered Level 1 of the Elven Halls
 37006 | Elf:1    | You are sucked into a shaft and drop 1 floor!
 37145 | Elf:2    | Found a huge runed translucent gate.
 37146 | Elf:2    | Found a huge runed translucent gate.
 37147 | Elf:2    | Found a huge runed translucent gate.
 37151 | Elf:2    | Found a huge runed translucent gate.
 37152 | Elf:2    | Found a huge runed translucent gate.
 37212 | Elf:2    | Corrupted Elf:2
 37556 | Elf:2    | Reached skill level 10 in Evocations
 37562 | Elf:2    | Found a shimmering blue altar of Sif Muna.
 37715 | Elf:2    | Found Jacyrynk's General Store.
 38087 | Elf:2    | Bought a scroll of enchant armour for 127 gold pieces
 38156 | Elf:2    | Found Doob Nic's Armour Shoppe.
 38457 | Elf:2    | Found Dozeagya's Jewellery Boutique.
 38470 | Elf:2    | Bought a ring of see invisible for 165 gold pieces
 38653 | Elf:1    | Reached XP level 19. HP: 177/177 MP: 30/30
 38779 | Elf:1    | Identified Roxanne's Tome of Stones
 38779 | Elf:1    | Noticed Roxanne
 38829 | Elf:1    | Killed Roxanne
 38934 | Elf:1    | Reached skill level 10 in Shields
 39524 | Elf:3    | Entered Level 3 of the Elven Halls
 39662 | Elf:3    | Paralysed by an air elemental for 1 turns
 39913 | Elf:3    | Paralysed by an air elemental for 1 turns
 40224 | Elf:2    | Cast into level 2 of the Abyss (a deep elf sorcerer)
 40225 | Elf:2    | Escaped the Abyss
 40427 | Elf:3    | Cast into level 3 of the Abyss (a deep elf demonologist)
 40428 | Elf:3    | Escaped the Abyss
 40479 | Elf:3    | Paralysed by an air elemental for 1 turns
 40598 | Elf:3    | Identified the +12 morningstar of Gallantry {flame, rPois
                  | rF- rC+ Int+5}
 40626 | Elf:3    | Noticed a Tzitzimitl
 40665 | Elf:3    | Cast into level 2 of the Abyss (a deep elf sorcerer)
 40665 | Abyss:2  | Found a corrupted altar of Lugonu.
 40666 | Elf:3    | Escaped the Abyss
 40791 | Elf:3    | Found the +2 hood of the Assassin {Detection Stab+ Stlth++}
 40847 | Elf:3    | Identified the +1 chain mail of Lust {rPois rF++ Int+4
                  | Dex-2}
 40861 | Elf:3    | Identified the +3 rapier of the First Eyes {freeze, Dex+7}
 41205 | Elf:3    | Got the Catalogue of the Birds
 41216 | Elf:3    | Got the Catalogue of Snow
 42034 | D:15     | Entered Level 15 of the Dungeon
 42310 | D:15     | Found a staircase to the Depths.
 42944 | Depths:1 | Entered Level 1 of the Depths
 43066 | Depths:1 | Reached XP level 20. HP: 188/188 MP: 31/31
 43187 | Depths:1 | Found a broken altar of Ashenzari.
 43255 | Depths:1 | Found a one-way gate to the infinite horrors of the Abyss.
 43260 | Depths:1 | Found Hynowes's Armour Boutique.
 43731 | Depths:1 | Paralysed by a vampire knight for 7 turns
 44205 | Depths:2 | Identified the amulet "Zydd" {Reflect rC+ SH+5}
 44224 | Depths:2 | Noticed the Enchantress
 45366 | Depths:1 | Killed the Enchantress
 45407 | Depths:2 | Found a gateway to a ziggurat.
 45767 | Depths:2 | Noticed Sojobo
 45773 | Depths:2 | Reached skill level 15 in Evocations
 45811 | Depths:2 | Paralysed by an air elemental for 1 turns
 45925 | Depths:2 | Killed Sojobo
 45926 | Depths:2 | Reached XP level 21. HP: 186/198 MP: 32/32
 46086 | Depths:2 | Found Vaineedi's Book Emporium.
 46361 | Depths:2 | Got the Volume of Destructive Feathers
 46365 | Depths:2 | Got Qupadog's Handbook of Malediction and Stones
 47242 | Depths:2 | Identified the ring "Bughing" {rCorr AC+4}
 47441 | Depths:3 | Noticed Jory
 47507 | Depths:2 | Corrupted Depths:2
 47510 | Depths:2 | Killed Jory
 48349 | Depths:3 | Noticed a caustic shrike
 48349 | Depths:3 | a tengu reaver changed into a caustic shrike
 48357 | Depths:3 | Killed a caustic shrike
 48372 | Depths:3 | Noticed a caustic shrike
 48383 | Depths:3 | Noticed a golden dragon
 48425 | Depths:2 | Killed a caustic shrike
 48683 | Depths:2 | Killed a golden dragon
 48988 | Depths:3 | Noticed a golden dragon
 48988 | Depths:3 | Identified the +5 mace of Noxious Valour {pain, *Rage rCorr
                  | Int-2 Dex+4}
 48989 | Depths:3 | Paralysed by a floating eye for 4 turns
 49136 | Depths:2 | Killed a golden dragon
 49673 | Depths:3 | Reached XP level 22. HP: 207/209 MP: 33/33
 50063 | Depths:4 | Found Ludicwep's Jewellery Emporium.
 50066 | Depths:4 | Found Appirph's Book Shop.
 50067 | Depths:4 | Found Aluum's Jewellery Emporium.
 50382 | Depths:4 | Reached skill level 15 in Shields
 50485 | Depths:4 | Noticed Frederick
 50494 | Depths:4 | Killed Frederick
 50532 | Depths:4 | Found a runed translucent gate.
 50532 | Depths:4 | Found a runed translucent gate.
 50532 | Depths:4 | Found a runed translucent gate.
 50533 | Depths:4 | Noticed Ruoser's ghost (adept DsFi)
 50620 | Depths:4 | Killed Ruoser's ghost
 50690 | Depths:4 | Noticed a golden dragon
 50726 | Depths:4 | Killed a golden dragon
 50779 | Depths:4 | Noticed a juggernaut
 50789 | Depths:4 | Killed a juggernaut
 50810 | Depths:4 | Found the +7 great mace "Firestarter" {inner flame, rF++}
 51276 | Depths:4 | Found a glowing golden altar of the Shining One.
 51558 | Depths:4 | Paralysed by an orc sorcerer for 2 turns
 51604 | Depths:4 | Found a runed translucent door.
 51607 | Depths:4 | Found a radiant altar of Vehumet.
 51607 | Depths:4 | Noticed an ancient lich
 51651 | Depths:4 | Killed an ancient lich
 51952 | Depths:4 | Got the Grimoire of Articulation
 52175 | Depths:5 | Entered Level 5 of the Depths
 52198 | Depths:5 | Found an ornate altar of the Wu Jian Council.
 52553 | Depths:5 | Cast into level 2 of the Abyss (a deep elf demonologist)
 52555 | Depths:5 | Escaped the Abyss
 52581 | Depths:5 | Noticed a golden dragon
 52597 | Depths:5 | Noticed a golden dragon
 52664 | Depths:4 | Killed a golden dragon
 52737 | Depths:5 | Killed a golden dragon
 52815 | Depths:4 | Reached XP level 23. HP: 214/217 MP: 34/34
 52884 | Depths:5 | Paralysed by a vampire knight for 6 turns
 53355 | Depths:5 | Found a gate to the Realm of Zot.
 54405 | Depths:1 | Voluntarily entered the Abyss.
 54522 | Abyss:1  | Noticed an ancient lich
 54530 | Depths:1 | Escaped the Abyss
 54623 | Depths:1 | Voluntarily entered the Abyss.
 54732 | Abyss:1  | Killed an ancient lich
 54746 | Abyss:1  | Paralysed by accursed screaming for 2 turns
 54838 | Depths:1 | Escaped the Abyss
 54977 | Depths:1 | Voluntarily entered the Abyss.
 54977 | Abyss:1  | Found a corrupted altar of Lugonu.
 55041 | Abyss:1  | Found a corrupted altar of Lugonu.
 55261 | Abyss:2  | Found a corrupted altar of Lugonu.
 55462 | Abyss:4  | Found a corrupted altar of Lugonu.
 55625 | Abyss:4  | Paralysed by accursed screaming for 1 turns
 55632 | Abyss:4  | Paralysed by accursed screaming for 1 turns
 55664 | Abyss:4  | Found a corrupted altar of Lugonu.
 55789 | Abyss:4  | Gained mutation: You are dopey. (Int -2) [a neqoxec]
 55795 | Abyss:4  | Paralysed by accursed screaming for 1 turns
 55854 | Abyss:4  | Paralysed by accursed screaming for 2 turns
 55932 | Depths:1 | Escaped the Abyss
 56343 | Vaults:1 | Entered Level 1 of the Vaults
 56977 | Vaults:5 | Entered Level 5 of the Vaults
 57087 | Vaults:4 | Reached XP level 24. HP: 155/228 MP: 34/34
 58669 | Vaults:5 | Corrupted Vaults:5
 58759 | Vaults:5 | Noticed an ancient lich
 59244 | Vaults:3 | Identified the +7 spear of Fuululur {speed, rF- rC+ SInv}
 59435 | Depths:4 | Bought the ring "Sepih" {rElec rC++ MP+9 Str+6 Stlth+} for
                  | 2596 gold pieces
 60059 | Vaults:4 | Killed an ancient lich
 60414 | Vaults:4 | Reached XP level 25. HP: 217/236 MP: 34/34
 60865 | Vaults:5 | Identified the ring "Muukhler" {rElec rF+ rC+ rCorr}
 61051 | Vaults:5 | Paralysed by an ogre mage for 5 turns
 61258 | Vaults:5 | Got the Reference Book on Frigorific Transmutation
 61327 | Vaults:5 | Got a silver rune of Zot
 61607 | Zot:1    | Entered Level 1 of the Realm of Zot
 61903 | Zot:4    | Noticed a Killer Klown
 61918 | Zot:4    | Killed a Killer Klown
 62173 | Zot:5    | Entered Level 5 of the Realm of Zot
 62889 | Zot:5    | Noticed an ancient lich
 62911 | Zot:5    | Killed an ancient lich
 62920 | Zot:5    | Noticed an ancient lich
 62991 | Zot:4    | Killed an ancient lich
 63271 | Zot:5    | Noticed a Killer Klown
 63278 | Zot:5    | Noticed a Killer Klown
 63522 | Zot:4    | Killed a Killer Klown
 63523 | Zot:4    | Reached XP level 26. HP: 212/251 MP: 34/34
 63599 | Zot:5    | Noticed an ancient lich
 63606 | Zot:5    | Killed an ancient lich
 63791 | Zot:5    | Noticed an orb of fire
 63816 | Zot:4    | Gained mutation: You tend to lose your temper in combat.
                  | [an orb of fire]
 63833 | Zot:4    | Gained mutation: You are frail. (-10% HP) [an orb of fire]
 63839 | Zot:4    | Killed from afar by an orb of fire

Illustrated notes

Levels and vault maps discovered:
D:1:      minmay_arrival_arboretum_small, layout_loops_ring,
          dreamdust_ecumenical_altar_hidden_monk_grotto
D:2:      layout_loops_cross, uniq_jessica, uniq_crazy_yiuf_cottage
D:3:      layout_basic, gammafunk_ghost_nasty_kobolds
D:4:      layout_rooms, minmay_temple_entry_hall,
          eino_small_chamber_without_monster, minmay_small_thing
D:5:      minmay_goblin_kobold_castle, layout_cave_pools,
          hangedman_abyss_or_decor_passed
D:6:      layout_basic, nicolae_sif_muna_little_library, bh_walls_and_bars,
          uniq_maggie, uniq_duvessa, uniq_sigmund
D:7:      layout_basic, worldfamousw_hep_ancestral_shrine,
          grunt_temple_overflow_open, enter_bailey_5,
          kennysheep_cross_bottleneck, hangedman_abyss_or_decor_lesser_grid,
          minmay_guarded_unrand_staff_of_olgreb
D:8:      layout_cave_pods
D:9:      layout_rooms, lightli_temple_of_fire, erik_lair_orcish_takeover
D:10:     layout_roguey
D:11:     layout_big_octagon, gauntlet_entry_generic
D:12:     layout_irregular_city, erik_orc_3, serial_shops, shop,
          fungi_pond_lemuel, uniq_gastronok
D:13:     minmay_tri_box, layout_stronghold, grunt_vaults_entry_tiered,
          uniq_azrael
D:14:     layout_loops_ring, palyth_stone_intersect, nicolae_wand_duel
D:15:     hangedman_depths_entry_civil_slaughter, layout_grid_maze,
          minmay_door_square
Lair:1:   layout_gridlike, special_room [special_room_bee], roderic_batcave,
          cheibrodos_lair_reptile_den
Lair:2:   layout_long_grid, swamp_mist_pool, lemuel_fruit_fields
Lair:3:   beast_lair_carwin_large_4, layout_concentric_octagons,
          spider_nest_entry_rubble, infiniplex_staircase_pool
Lair:4:   layout_hall_layers, uniq_sonja
Lair:5:   layout_gridlike
Lair:6:   evil_forest, layout_gridlike, slime_dummy, basic_altar,
          nicolae_volcano_entry_two_sided, uniq_josephine, uniq_rupert
Swamp:1:  layout_falls_marsh, hangedman_swamp_lotus, swamp_pool1,
          infiniplex_staircase_pool_2
Swamp:2:  layout_falls_marsh, evilmike_swamp_ruin_house_5, swamp_pool1,
          kb_tengu_band
Swamp:3:  layout_basic_swamp, evilmike_swamp_ruin_rubble_2, swamp_pool1,
          uniq_kirke
Swamp:4:  swamp_old_school, layout_basic_swamp
Spider:1: layout_spider_delve
Spider:2: layout_spider_delve
Spider:3: layout_spider_delve
Spider:4: spider_rune_water
Orc:1:    layout_diamond_mine, minmay_orc_barracks
Orc:2:    grunt_orc_tribal_feast, layout_caves, special_room,
          nicolae_orc_damp_corner, uniq_erolcha, uniq_donald
Elf:1:    layout_geoelf_diagonals, hangedman_elven_crosses_minicolossus,
          uniq_roxanne
Elf:2:    elven_hall_of_blades_hangedman_alternative
          [nicolae_blade_entry_antechamber], layout_onion_city, basic_altar,
          serial_shops, nicolae_shop_waterfront, shop,
          nicolae_shop_window_shopping, minivault_27
Elf:3:    elf_hall, layout_loops_corners, nicolae_elf_elemental_lessons,
          grunt_megastairs_5
Vaults:1: gammafunk_vaults_ghost_cemetery, ontoclasm_vaults_spin,
          nicolae_vaults_little_ls, v_rooms_2, v_rooms_1, st_smaller_cells,
          hangedman_vaults_slice, layout_vaults_chaotic_city
Vaults:2: v_misc_1, nicolae_vaults_twisting_passages,
          nicolae_vaults_specimen_jars, minmay_crypt_entry_simple_round,
          nicolae_vaults_ring_of_whatevers, vaults_dpeg_diagonal,
          hangedman_vaults_cutoff, nicolae_vaults_sealed_display,
          layout_vaults_omnigrid
Vaults:3: nicolae_vaults_ring_of_whatevers, ontoclasm_vaults_pinch, v_misc_12,
          nicolae_vaults_statue_guard, v_misc_4, v_misc_15,
          nicolae_vaults_three_branches, nicolae_vaults_network_barrier,
          v_misc_9, v_misc_15, v_alt_pattern_2, nicolae_vaults_little_squares_5,
          ontoclasm_vaults_ring_square, nicolae_vaults_asterisk,
          layout_vaults_maze_bifur
Vaults:4: vaults_room_stairs_pillars, v_misc_22, vaults_dpeg_cross,
          nicolae_vaults_little_squares_3, grunt_vaults_twisty,
          hangedman_vaults_pinch, vaults_mumra_chevron_long,
          nicolae_vaults_mini_display_case, ontoclasm_vaults_eye,
          nicolae_vaults_circle_grid_a, vaults_mumra_minichess,
          layout_vaults_omnibox
Vaults:5
Depths:1: layout_gridlike, abyss_entry, hell_entry, minmay_tree_intersection,
          serial_shops, shop_statue, minmay_misc_feat_five,
          nicolae_ashenzari_panopticon
Depths:2: minmay_the_grid_octo_2x2 [minmay_the_grid_octo_fat_diamond,
          minmay_the_grid_octo_horde, minmay_the_grid_octo_77,
          minmay_the_grid_octo_prize_ultimate_mussel_roller], layout_gridlike,
          enter_ziggurat_b, serial_shops, nicolae_shop_trees,
          serial_bayou_shore_b, hangedman_geh_valley, kennysheep_inner_square,
          uniq_sojobo, uniq_enchantress
Depths:3: minmay_central_circle, layout_cave_pools, grunt_pan_entry_in_and_out,
          hell_entry, nicolae_ru_the_path_less_chosen, uniq_jory
Depths:4: evilmike_diamond_2, layout_small_grid, tso_altar, abyss_entry_crystal,
          ebering_ghost_rock_garden, grunt_hell_entry_dis_grunt,
          grunt_absolute_annihilation, minmay_staircase_bubble,
          minmay_shop_grove, uniq_frederick
Depths:5: grunt_twist_and_shout, layout_honeycomb, nzn_wu_jian_contemplation,
          pf_hell_entry_tar_river, nrook_pool_corridor,
          hangedman_abyss_or_decor_stabs
Zot:1:    layout_concentric_octagons, hangedman_zot_decor_tridents, st_stairs_4,
          zot_minivault_8
Zot:2:    hangedman_snap_crack_crunch, layout_onion
Zot:3:    layout_concentric_octagons
Zot:4:    layout_gridlike, grunt_ministairs_1, grunt_megastairs_1
Zot:5:    layout_basic

Skill      XL: |  1  2  3  4  5  6  7  8  9 10 11 12 13 14 15 16 17 18 19 20 21 22 23 24 25 |
---------------+----------------------------------------------------------------------------+-----
Fighting       | 4 5 6 8 9 10 12 13 14 16 17 18 19 20 21 22 23 | 23.4
Shields        | 4 7 9 11 13 14 16 17 18 19 | 19.8
Maces & Flails | 3 4 5 6 7 8 13 15 16 | 16.0
Armour         | 4 5 6 7 9 10 12 13 14 16 17 18 19 20 21 22 23 | 23.4
Dodging        | 1 2 3 4 6 7 9 11 14 16 17 | 17.0
Invocations    | 1 2 3 4 6 8 9 11 13 14 16 | 16.2
Staves         | 4 5 |  5.5
Evocations     | 3 11 13 15 16 17 19 20 21 | 21.8

Action                   |  1- 3 |  4- 6 |  7- 9 | 10-12 | 13-15 | 16-18 | 19-21 | 22-24 | 25-27 || total
-------------------------+-------+-------+-------+-------+-------+-------+-------+-------+-------++-------
Melee: Flail             |    65 |    55 |       |       |   725 |       |       |       |       ||   845
       Headbutt          |    14 |    21 |    65 |    51 |   425 |   508 |   355 |   548 |   215 ||  2202
       Whip              |       |    75 |   326 |   214 |       |       |       |       |       ||   615
       Staff             |       |       |       |       |   680 |   416 |       |       |       ||  1096
       Dire flail        |       |       |       |       |   236 |       |       |       |       ||   236
       Quarterstaff      |       |       |       |       |       |   716 |       |       |       ||   716
       Eveningstar       |       |       |       |       |       |   912 |  1260 |  1698 |   565 ||  4435
       Unarmed           |       |       |       |       |       |       |       |       |     3 ||     3
Invok: Corrupt           |       |       |       |       |       |     2 |     1 |     1 |       ||     4
       Depart the Abyss  |       |       |       |       |       |       |     3 |     3 |       ||     6
       Banish            |       |       |       |       |       |       |       |     1 |       ||     1
Evoke: Wand              |       |       |       |       |       |     1 |     1 |       |       ||     2
       Phantom mirror    |       |       |       |       |       |       |     1 |     1 |     1 ||     3
       Condenser vane    |       |       |       |       |       |       |     1 |       |       ||     1
  Use: Potion            |       |     1 |     1 |     4 |     4 |    17 |    10 |     2 |       ||    39
       Scroll            |       |       |    10 |     6 |    15 |    28 |     5 |    15 |     7 ||    86
 Stab: Held in net/web   |       |       |       |       |       |     1 |       |       |       ||     1
       Confused          |       |       |       |       |       |     4 |     8 |     4 |       ||    16
       Paralysed         |       |       |       |       |       |     2 |     3 |     2 |       ||     7
       Distracted        |       |       |       |       |       |     1 |     1 |     4 |       ||     6
       Invisible         |       |       |       |       |       |     2 |       |       |       ||     2
Armor: Scale mail        |    26 |    33 |       |       |   540 |   426 |       |       |       ||  1025
       Plate armour      |       |    25 |    74 |       |       |   303 |       |       |       ||   402
       Ring mail         |       |       |    30 |    74 |   247 |       |       |       |       ||   351
       Crystal plate arm |       |       |       |       |       |   823 |   905 |  1076 |   344 ||  3148
       Fire dragon scale |       |       |       |       |       |       |    11 |       |       ||    11
       Skin              |       |       |       |       |       |       |       |       |     1 ||     1
Dodge: Dodged            |    29 |    61 |   184 |   190 |  1155 |  1286 |   573 |   775 |   231 ||  4484
Block: Buckler           |    14 |    27 |    91 |    90 |   600 |   599 |   328 |       |       ||  1749
       Other             |       |       |       |       |    91 |    81 |       |       |       ||   172
       Reflection        |       |       |       |       |     1 |     4 |     3 |    49 |    25 ||    82
       Kite shield       |       |       |       |       |       |       |   271 |  1230 |   308 ||  1809

Table legend: (Time is in decaauts)
 A = Elapsed time spent in this place.
 B = Non-inter-level travel time spent in this place.
 C = Inter-level travel time spent in this place.
 D = Time resting spent in this place.
 E = Time spent auto-exploring this place.
 F = Levels seen in this place.
 G = Mean time per level.
                   A        B        C        D        E       F      G
               +--------+--------+--------+--------+--------+-----+--------+
         Total |  61920 |  55521 |   6399 |  14011 |  25136 |  62 |  998.7 |
       Dungeon |  15978 |  13986 |   1992 |   1778 |   9757 |  15 | 1065.2 |
          Lair |   8738 |   8059 |    679 |   1882 |   4648 |   6 | 1456.3 |
         Swamp |   3564 |   3308 |    256 |    830 |   1578 |   4 |  891.0 |
   Spider Nest |   5466 |   4896 |    570 |   1510 |   1713 |   4 | 1366.5 |
  Orcish Mines |   1860 |   1423 |    437 |    192 |    751 |   2 |  930.0 |
   Elven Halls |   4538 |   4108 |    430 |    474 |   2062 |   3 | 1512.7 |
        Vaults |   4662 |   4136 |    526 |   2304 |     43 |   5 |  932.4 |
        Depths |  11560 |  10159 |   1401 |   3422 |   3551 |   5 | 2312.0 |
           Zot |   2130 |   2026 |    104 |    813 |      0 |   5 |  426.0 |
         Abyss |   1198 |   1198 |      0 |    255 |     48 |  10 |  119.8 |
        Bailey |   1041 |   1041 |      0 |    417 |    402 |   1 | 1041.0 |
       Volcano |    410 |    410 |      0 |    131 |     76 |   1 |  410.0 |
      Gauntlet |    769 |    769 |      0 |      0 |    505 |   1 |  769.0 |
               +--------+--------+--------+--------+--------+-----+--------+

Top non-repeatable levels by time:
Depths:2: 3218 daAuts
Vaults:4: 2865 daAuts
Depths:1: 2686 daAuts
Depths:4: 2452 daAuts
   Elf:3: 1904 daAuts
  Lair:2: 1852 daAuts
     D:8: 1771 daAuts
Depths:5: 1766 daAuts
  Lair:5: 1738 daAuts
Spider:4: 1698 daAuts
     D:5: 1633 daAuts
   Elf:2: 1632 daAuts
Spider:3: 1615 daAuts
  Lair:1: 1571 daAuts
    D:13: 1463 daAuts
